 Dungeon Crawl Stone Soup version 0.31-a0-920-g28cbb04a8c (webtiles) character file.

Game seed: 10809907918264822498

27 runemasterragnar the Ruffian (level 2, -2/22 HPs)
             Began as a Demonspawn Shapeshifter on Oct 17, 2023.
             Slain by a worm (6 damage)
             ... on level 2 of the Dungeon.
             The game lasted 00:00:46 (906 turns).

runemasterragnar the Ruffian (DsSh)                  Turns: 906, Time: 00:00:47

Health: -2/22      AC:  5    Str: 12 (14) XL:     2   Next: 93%
Magic:  2/2        EV: 12    Int: 10 (11) God:
Gold:   84         SH:  0    Dex:  9 (12) Spells: 1/1 levels left

rFire   . . .        g - +0 mace
rCold   . . .        (no shield)
rNeg    . . .        f - +0 ring mail
rPois   .            (helmet currently unavailable)
rElec   .            (cloak currently unavailable)
rCorr   .            (gloves currently unavailable)
SInv    .            (boots currently unavailable)
Will    .....        (no amulet) Stlth
                     (no ring)
HPRegen 0.23/turn    (no ring)
MPRegen 0.08/turn

%: no passive effects
@: beast-form
A: beast (slay +1), repulsion field 1
a: Begin Untransformation


You were on level 2 of the Dungeon.
You were a hulking beast.
You visited 1 branch of the dungeon, and saw 2 of its levels.

You collected 84 gold pieces.

Inventory:

Hand Weapons
 g - a +0 mace (weapon)
Missiles
 k - a throwing net
Armour
 a - a +0 animal skin
 f - a +0 ring mail (worn)
Jewellery
 l - an amulet of the acrobat
Talismans
 c - a beast talisman (active)
 d - a flux talisman
Scrolls
 h - a scroll of butterflies {unknown}
 j - a scroll of noise {unknown}
 m - a scroll of fear {unknown}
 n - a scroll of identify {unknown}
Potions
 b - a potion of lignification
 e - a potion of degeneration
 i - 3 potions of cancellation {unknown}


   Skills:
 + Level 1.7 Fighting
 + Level 0.5 Armour
 - Level 1.7 Dodging
 + Level 3.0 Unarmed Combat
 + Level 3.0 Shapeshifting


You had one spell level left.
You didn't know any spells.
Your spell library contained the following spells:

 Spells                   Type           Power      Damage    Failure   Level
 Summon Small Mammal      Summ           0%         N/A       65%         1
 Static Discharge         Conj/Air       0%         2-2/arc   78%         2
 Call Canine Familiar     Summ           0%         N/A       95%         3
 Summon Guardian Golem    Hex/Summ       0%         N/A       95%         3
 Airstrike                Air            0%         2d(0-16)  100%        4
 Summon Lightning Spire   Summ/Air       0%         N/A       100%        4


Dungeon Overview and Level Annotations

Branches:
Dungeon (2/15)

Altars:


Innate Abilities, Weirdness & Mutations

You are a hulking beast.
Your limbs bulge with bestial killing power. (Slay +1)
You are surrounded by a mild repulsion field. (EV +2)


Message History

You now have 67 gold pieces (gained 16).
A quokka comes into view.
You hit the quokka.
The quokka is moderately wounded.
The quokka barely misses you. The quokka misses you.
You hit the quokka.
You kill the quokka!
n - a scroll labelled FETUN JAHEOCHO No target in view!
You now have 84 gold pieces (gained 17).
You enter the shallow water.
Moving in this stuff is going to be slow.
A worm comes into view.
A worm is nearby!
A worm is nearby!
A worm is nearby!
The worm bites you!
A worm is nearby!
You hit the worm.
The worm is moderately wounded.
The worm bites you.
A worm is nearby!
You are too injured to fight recklessly!
A worm is nearby!
You are too injured to fight recklessly!
You are too injured to fight recklessly!
You hit the worm.
The worm is moderately wounded.
The worm bites you!
* * * LOW HITPOINT WARNING * * *
You barely miss the worm.
The worm is moderately wounded.
You barely miss the worm.
The worm is moderately wounded.
The worm barely misses you.
It was a potion of degeneration.
There was something very wrong with that liquid.
You feel weakened.
You feel dopey.
You feel clumsy. The worm bites you.
You die...

### #..######
#~~~#..########
#~≈≈~..........###
#~≈≈~~.#######.#..
#~~≈≈~....# #.#
..~≈≈~~##.# #.#
#.~~≈≈~##.# #.#
...~≈≈~~#.# #w#
#..~~≈≈~#.# # #h#
....~≈≈~#.# #.#.#
###.~≈≈~~.####.#.#######
#.~~≈≈~...##..........
#.#~≈≈~##.##.#.#######
#~≈≈~##.####.#######
#~≈≈~##.# #.......#
#~≈≈~##.# ######.##
.~~≈≈~##.# #.#


You could see a worm.

Vanquished Creatures
  A dart slug (D:1)
  2 ball pythons (D:1)
  3 giant cockroaches (D:1)
  3 goblins (D:1)
  2 jackals (D:1)
  A quokka (D:2)
  6 bats (D:1)
  A frilled lizard (D:1)
  A kobold (D:1)
  4 rats (D:1)
24 creatures vanquished.

Notes
Turn   | Place    | Note
-------+----------+-------------------------------------------
     0 | D:1      | runemasterragnar the Demonspawn Shapeshifter began the
                  | quest for the Orb.
     0 | D:1      | Reached XP level 1. HP: 15/15 MP: 1/1
   124 | D:1      | Gained mutation: You are surrounded by a mild repulsion
                  | field. (EV +2) [demonic ancestry]
   124 | D:1      | Reached XP level 2. HP: 21/21 MP: 2/2
   906 | D:2      | Slain by a worm

Illustrated notes

Levels and vault maps discovered:
D:1:      dpeg_arrival_subterranean_lakeside_camping, layout_basic
D:2:      wander_river, layout_basic, serial_shops, nicolae_diamond_shop

Skill      XL: |  1  2 |
---------------+-------+-----
Unarmed Combat | 3 |  3.0
Shapeshifting  | 3 |  3.0
Fighting       | |  1.7
Armour         | |  0.5
Dodging        | |  1.7

Action                     || total
---------------------------++-------
  Melee: Unarmed           ||    45
         Mace              ||    16
         Punch             ||     2
    Use: Potion            ||     1
   Stab: Sleeping          ||     1
 Armour: Animal skin       ||    15
         Ring mail         ||    28
  Dodge: Dodged            ||    39

Table legend: (Time is in decaauts)
 A = Elapsed time spent in this place.
 B = Non-inter-level travel time spent in this place.
 C = Inter-level travel time spent in this place.
 D = Time resting spent in this place.
 E = Time spent auto-exploring this place.
 F = Levels seen in this place.
 G = Mean time per level.
                   A        B        C        D        E       F      G
               +--------+--------+--------+--------+--------+-----+--------+
         Total |    910 |    885 |     25 |      0 |    726 |   2 |  455.0 |
       Dungeon |    910 |    885 |     25 |      0 |    726 |   2 |  455.0 |
               +--------+--------+--------+--------+--------+-----+--------+

Top non-repeatable levels by time:
     D:1: 777 daAuts
     D:2: 133 daAuts
